 Dungeon Crawl Stone Soup version 0.32-a0-30-gefbe487952 (webtiles) character file.

Game seed: 13586368067457619521

18849 Morbidden the Destroyer (level 12, -4/89 HPs)
             Began as a Barachi Conjurer on Jan 19, 2024.
             Was a High Priest of Cheibriados.
             Slain by a komodo dragon (23 damage)
             ... on level 2 of the Lair of Beasts.
             The game lasted 00:18:59 (14524 turns).

Morbidden the Destroyer (Barachi Conjurer)         Turns: 14524, Time: 00:18:59

Health: -4/89      AC: 20    Str: 24    XL:     12   Next: 62%
Magic:  18/23      EV: 15    Int: 39    God:    Cheibriados [*****.]
Gold:   1174       SH:  0    Dex: 23    Spells: 16/26 levels left

rFire   + . .        b - +9 rapier of the Pure Ultimatums {venom, rN+ Int+4}
rCold   . . .        (no shield)
rNeg    + . .        m - +1 scale mail {rPois}
rPois   +            N - +1 helmet
rElec   .            (no cloak)
rCorr   .            X - +2 pair of gloves {Str+3}
SInv    .            K - +0 pair of boots
Will    +....        (no amulet)
Stlth   +            F - ring of protection from fire
HPRegen 0.34/turn    R - +4 ring of protection
MPRegen 0.18/turn

%: no passive effects
@: unable to call your familiar, very slow
A: amphibious, slowness 1, strong legs 1, +LOS, strong-willed 1, sense
surroundings 1
a: Hop, Renounce Religion, Bend Time, Temporal Distortion, Slouch, Step From
Time


You were on level 2 of the Lair of Beasts.
You worshipped Cheibriados.
Cheibriados was extremely pleased with you.
You visited 3 branches of the dungeon, and saw 13 of its levels.

You collected 1174 gold pieces.

Inventory:

Hand Weapons
 a - a +3 scimitar of flaming
 b - the +9 rapier of the Pure Ultimatums (weapon) {venom, rN+ Int+4}
   (You found it on level 7 of the Dungeon)

   Int+4:     It affects your intelligence (+4).
   rN+:       It protects you from negative energy.
 u - a +0 dagger of venom
 A - a +3 dagger
 H - a +3 short sword of draining
 M - a +1 scimitar of holy wrath
Missiles
 U - 2 curare-tipped darts
Armour
 m - a +1 scale mail of poison resistance (worn)
 I - +0 ice dragon scales
 K - a +0 pair of boots (worn)
 N - a +1 helmet (worn)
 X - a +2 pair of gloves of strength (worn)
Jewellery
 r - a ring of ice
 B - a ring of fire
 F - a ring of protection from fire (left hand)
 L - a ring of wizardry
 Q - an amulet of guardian spirit
 R - a +4 ring of protection (right hand)
Wands
 d - a wand of polymorph (6)
 e - a wand of mindburst (8)
 g - a wand of flame (32)
 t - a wand of paralysis (17)
 J - a wand of roots (8)
 W - a wand of quicksilver (6)
Scrolls
 h - 2 scrolls of butterflies
 j - 5 scrolls of teleportation
 l - 5 scrolls of enchant armour
 n - a scroll of blinking {unknown}
 o - a scroll of acquirement {unknown}
 p - 3 scrolls of fog
 q - 3 scrolls of revelation {unknown}
 y - 3 scrolls of fear {unknown}
 O - a scroll of poison {unknown}
 P - a scroll of amnesia
 S - 4 scrolls of immolation {unknown}
 V - 2 scrolls of enchant weapon {unknown}
Potions
 c - 4 potions of lignification
 i - a potion of mutation
 k - 3 potions of cancellation
 s - 2 potions of brilliance
 v - a potion of invisibility {unknown}
 w - a potion of haste {unknown}
 x - 2 potions of attraction {unknown}
 z - a potion of magic
 G - a potion of berserk rage {unknown}
 T - 2 potions of resistance {unknown}


   Skills:
 * Level 6.8 Fighting
 * Level 6.6(7.9) Short Blades
 * Level 7.3(8.7) Long Blades
 * Level 8.8 Armour
 * Level 6.4 Dodging
 + Level 2.9 Stealth
 * Level 7.9 Spellcasting
 * Level 9.9 Conjurations
 * Level 4.5 Summonings
 * Level 5.4 Translocations
 * Level 4.6 Invocations
 * Level 5.9 Evocations


You had 16 spell levels left.
You knew the following spells:

 Your Spells              Type           Power      Damage    Failure   Level
a - Magic Dart            Conj           100%       1d8       1%          1
b - Searing Ray           Conj           100%       2d8       1%          2
x - Call Canine Familiar  Summ           50%        N/A       2%          3
z - Iskenderun's Mystic   Conj/Tloc      66%        2d14      1%          4

Your spell library contained the following spells:

 Spells                   Type           Power      Damage    Failure   Level
 Summon Small Mammal      Summ           100%       N/A       1%          1
 Dazzling Flash           Conj/Hex       100%       N/A       1%          3
 Mephitic Cloud           Conj/Alch/Air  41%        N/A       3%          3
 Passage of Golubria      Tloc           55%        N/A       5%          4
 Fulminant Prism          Conj/Alch      26%        3d14      6%          4
 Cigotuvi's Dreadful Rot  Necr/Alch/Air  30%        N/A       8%          2
 Ensorcelled Hibernation  Hex/Ice        30%        N/A       8%          2
 Fugue of the Fallen      Necr           15%        N/A       16%         3
 Passwall                 Erth           15%        N/A       16%         3
 Swiftness                Air            15%        N/A       16%         3
 Tukima's Dance           Hex            15%        N/A       16%         3
 Martyr's Knell           Necr/Summ      33%        N/A       19%         4
 Summon Blazeheart Golem  Fire/Summ      33%        N/A       19%         4
 Anguish                  Hex/Necr       7%         N/A       45%         4
 Cause Fear               Hex            7%         N/A       45%         4
 Dispel Undead            Necr           15%        3d10      45%         4
 Curse of Agony           Necr           15%        N/A       80%         5
 Silence                  Hex/Air        7%         N/A       80%         5
 Yara's Violent Unravell  Hex/Alch       7%         3d5       80%         5
 Death Channel            Necr           7%         N/A       100%        6
 Enfeeble                 Hex            7%         N/A       100%        7


Dungeon Overview and Level Annotations

Branches:
Dungeon (10/15)            Temple (1/1) D:4            Lair (2/5) D:8
 Spider (0/4) Lair:2          Orc (0/2) D:10
  Swamp: Lair:2-3    Shoals: Lair:2-3

Altars:
Ashenzari
Cheibriados
Dithmenos
Elyvilon
Fedhas
Gozag
Hepliaklqana
Kikubaaqudgha
Makhleb
Nemelex Xobeh
Okawaru
Qazlal
Ru
Sif Muna
Trog
Uskayaw
Vehumet
Wu Jian
Xom
Yredelemnul
Zin
The Shining One

Shops:
D:6 (

Annotations:
D:6 1 runed translucent door, Crazy Yiuf
Lair:2 exclusion: oklob plant


Innate Abilities, Weirdness & Mutations

You are amphibious.
You cover ground slowly.
You can hop short distances.
You have an extended range of vision and can be seen from far away.
You are strong-willed. (Will+)
You passively map a small area around you.


Message History

Your inugami hits the cane toad.
The cane toad dies!
Cheibriados appreciates the change of pace.
The komodo dragon bites you but does no damage.
Unknown command.
Unknown command.
You puncture the komodo dragon!
The komodo dragon looks as sick as possible!
The komodo dragon is moderately wounded.
The komodo dragon bites you but does no damage.
Unknown command.
You hit the komodo dragon.
The komodo dragon looks as sick as possible!
The komodo dragon is heavily wounded.
Unknown command.
You barely miss the komodo dragon. You punch the komodo dragon.
The komodo dragon is heavily wounded.
Your inugami barely misses the komodo dragon.
The komodo dragon barely misses you.
Unknown command.
You hit the komodo dragon but do no damage.
The komodo dragon is heavily wounded.
Your inugami barely misses the komodo dragon.
The komodo dragon bites you!!
* * * LOW HITPOINT WARNING * * *
Unknown command.
Your inugami barely misses the komodo dragon.
The komodo dragon bites your inugami!!
Your inugami dies!
Your inugami disappears in a puff of smoke!
Unknown command.
Unknown command.
Unknown command.
Casting: Call Canine Familiar (mildly dangerous; 2% risk of failure)
Confirm with . or Enter, or press ? or * to list all spells.
You erupt in a blast of force!
The mystic blast hits the komodo dragon but does no damage.
The komodo dragon is severely wounded.
The komodo dragon bites you!!
You die...

...# ##$#..#.#.#.### *
....##...#..###..### ,
,......##.......##* *# , ..
#......##.#.##†####.## ,
#..# P....#.###..#†#....##
, ,
.....##.........†..<.....#
*.................††......#
................P.........
,
#.).....l@...........#...P
#.>..#...###.###.#.#..#...
..... ..?......#
#...#>#........ .....
###..#.### #.<.#.........P
..P.P #.....
#...####.....## .....,
#.#.... **#..## * ......#
..?.. # #.... ...# .###..#
..PP. #.#. * .... * ## ..
..F.. ..* ..##


You could see a komodo dragon (very poisoned).

Vanquished Creatures
  A two-headed ogre (D:9)
  Erica (D:8)
  Pikel (D:8)
  A meliai (Lair:1)
  A black mamba (Lair:1)
  3 cane toads
  A rime drake (Lair:1)
  4 unseen horror zombies (D:10)
  Grinder (D:6)
  4 blink frogs (Lair:2)
  2 hornets
  2 meliai zombies (D:10)
  5 vampires (D:10)
  Eustachio (D:5)
  3 wraiths (D:10)
  3 shadows (D:10)
  24 yaks
  3 water moccasins (Lair:1)
  5 ice beasts
  A sky beast (D:7)
  2 elephant zombies (D:6)
  A black bear (D:6)
  An ogre (D:4)
  3 centaurs
  A phantom (D:4)
  Blork the orc (D:4)
  6 bullfrogs
  2 kobold brigands (D:9)
  8 wights
  17 killer bees
  3 howler monkeys
  10 centaur zombies
  3 hounds
  2 bombardier beetles
  A human zombie (D:6)
  4 orc priests
  A jelly (D:4)
  A gnoll bouda (D:7)
  6 iguanas
  3 scorpion zombies (D:6)
  4 orc wizards
  An ogre zombie (D:6)
  3 hound zombies (D:6)
  3 gnolls (D:7)
  3 howler monkey zombies
  9 adders
  2 white imps
  2 ufetubi (D:7)
  An adder zombie (D:6)
  A dart slug (D:5)
  3 ribbon worms
  18 orcs
  4 endoplasms
  6 giant cockroaches
  A goblin (D:3)
  5 hobgoblins
  5 jackals
  11 kobolds
  2 quokkas
  6 ball pythons
  7 bats
  11 frilled lizards
  7 rats
258 creatures vanquished.

Vanquished Creatures (collateral kills)
  A cane toad (Lair:2)
  2 yaks (Lair:1)
  A water moccasin (Lair:1)
  A bullfrog (Lair:1)
5 creatures vanquished.

Grand Total: 263 creatures vanquished

Notes
Turn   | Place    | Note
-------+----------+-------------------------------------------
     0 | D:1      | Morbidden the Barachi Conjurer began the quest for the Orb.
     0 | D:1      | Reached XP level 1. HP: 13/13 MP: 3/3
   220 | D:1      | Found a faded altar of an unknown god.
   261 | D:1      | Reached XP level 2. HP: 19/19 MP: 1/5
   361 | D:1      | Learned a level 2 spell: Searing Ray
  1234 | D:2      | Reached skill level 5 in Conjurations
  1234 | D:2      | Reached XP level 3. HP: 25/25 MP: 0/6
  1276 | D:2      | Reached skill level 1 in Fighting
  1508 | D:2      | Reached XP level 4. HP: 16/32 MP: 0/7
  1909 | D:2      | You fall into a shaft and drop 1 floor!
  1915 | D:3      | Found a hide-covered altar of Uskayaw.
  2940 | D:2      | Reached skill level 1 in Armour
  3503 | D:4      | Noticed an ogre
  3508 | D:4      | Killed an ogre
  3509 | D:4      | Reached skill level 1 in Long Blades
  3509 | D:4      | Reached XP level 5. HP: 37/37 MP: 3/9
  3619 | D:4      | Noticed a phantom
  3627 | D:4      | Killed a phantom
  3628 | D:4      | Reached XP level 6. HP: 37/43 MP: 1/12
  3809 | D:4      | Found a staircase to the Ecumenical Temple.
  3834 | Temple   | Entered the Ecumenical Temple
  3847 | Temple   | Became a worshipper of Cheibriados the Contemplative
  3873 | D:4      | Noticed Blork the orc
  3883 | D:4      | Killed Blork the orc
  4403 | D:4      | Reached XP level 7. HP: 22/50 MP: 5/13
  4607 | D:4      | Found a basalt altar of Yredelemnul.
  4670 | D:5      | Entered Level 5 of the Dungeon
  4683 | D:4      | Reached skill level 1 in Short Blades
  4683 | D:4      | Reached skill level 6 in Conjurations
  5118 | D:5      | Noticed Eustachio
  5130 | D:5      | Killed Eustachio
  5131 | D:5      | Reached skill level 1 in Evocations
  5310 | D:5      | Reached * piety under Cheibriados
  5318 | D:5      | Reached XP level 8. HP: 42/57 MP: 1/15
  5586 | D:5      | Found a basalt altar of Yredelemnul.
  5624 | D:5      | Reached skill level 1 in Invocations
  5632 | D:5      | Learned a level 4 spell: Iskenderun's Mystic Blast
  5773 | D:5      | Reached skill level 5 in Spellcasting
  6253 | D:5      | Found an iron altar of Okawaru.
  6726 | D:6      | Found a hazy altar of Hepliaklqana.
  6805 | D:6      | Found an ancient bone altar of Kikubaaqudgha.
  6812 | D:6      | Reached ** piety under Cheibriados
  6816 | D:6      | Reached skill level 1 in Translocations
  6820 | D:6      | Reached skill level 7 in Conjurations
  6842 | D:6      | Gained mutation: You passively map a small area around you.
                  | [potion of mutation]
  6842 | D:6      | Gained mutation: You are strong-willed. (Will+) [potion of
                  | mutation]
  6852 | D:6      | Reached XP level 9. HP: 25/65 MP: 3/17
  7141 | D:6      | Found Buhaf's Weapon Boutique.
  7249 | D:6      | Noticed Grinder
  7254 | D:6      | Killed Grinder
  7640 | D:6      | Found a runed translucent door.
  7641 | D:6      | Noticed Crazy Yiuf
  8166 | D:7      | Identified the +9 rapier of the Pure Ultimatums {venom, rN+
                  | Int+4}
  8623 | D:7      | Reached skill level 5 in Armour
  9252 | D:8      | Noticed Erica
  9262 | D:8      | Killed Erica
  9263 | D:8      | Reached skill level 8 in Conjurations
  9442 | D:8      | Reached XP level 10. HP: 73/73 MP: 11/19
  9521 | D:8      | Reached *** piety under Cheibriados
  9819 | D:8      | Found a staircase to the Lair.
  9829 | D:8      | Noticed Pikel
  9841 | D:8      | Killed Pikel
 10065 | D:8      | Learned a level 3 spell: Call Canine Familiar
 10442 | D:9      | Reached skill level 1 in Summonings
 10643 | D:9      | Noticed a two-headed ogre
 10650 | D:9      | Reached **** piety under Cheibriados
 10704 | D:9      | Killed a two-headed ogre
 10705 | D:9      | Reached skill level 5 in Long Blades
 10705 | D:9      | Reached skill level 5 in Dodging
 11025 | D:9      | Found a radiant altar of Vehumet.
 11089 | D:9      | Reached skill level 5 in Fighting
 11093 | D:9      | Reached XP level 11. HP: 35/80 MP: 1/21
 11586 | D:10     | Entered Level 10 of the Dungeon
 11621 | D:10     | Reached skill level 9 in Conjurations
 11720 | D:10     | Found a staircase to the Orcish Mines.
 12434 | D:10     | Reached skill level 5 in Translocations
 12449 | D:10     | Reached skill level 5 in Short Blades
 12449 | D:10     | Reached skill level 5 in Evocations
 12524 | D:10     | Found a burning altar of Makhleb.
 12536 | D:10     | Reached ***** piety under Cheibriados
 12537 | D:10     | Reached XP level 12. HP: 62/89 MP: 2/23
 12944 | D:10     | Found a bloodstained altar of Trog.
 12949 | D:10     | Found a shimmering blue altar of Sif Muna.
 13100 | Lair:1   | Entered Level 1 of the Lair of Beasts
 14295 | Lair:2   | Found a hole to the Spider Nest.
 14524 | Lair:2   | Slain by a komodo dragon

Illustrated notes

Levels and vault maps discovered:
D:1:      sevenhm_arrival_forest_fort_small_6, layout_basic,
          hellmonk_ecumenical_altar_slurped_away
D:2:      minmay_spotlight, layout_loops_corners
D:3:      layout_basic, nicolae_uskayaw_dance_hall
D:4:      layout_loops_cross, mainiacjoe_overflow_alcove_1, temple_pool_b,
          uniq_blork_the_orc
D:5:      layout_cave_pools, hangedman_feature_mirror, minmay_lizard_king,
          uniq_eustachio
D:6:      layout_loops_ring, nicolae_overflow_crystal_walls, serial_shops,
          nicolae_shop_stone, roadster_capsule_ark_zombie, uniq_grinder,
          uniq_crazy_yiuf_cottage
D:7:      layout_basic, kennysheep_generic_room_10
D:8:      layout_basic, dpeg_oklobed_lair, uniq_erica, uniq_pikel
D:9:      layout_cave_pools, nicolae_vehumet_radiance,
          kennysheep_generic_room_14
D:10:     layout_rooms, hellmonk_overflow_destroyed_library,
          mainiacjoe_overflow_24_doors, orc_0_dummy, serial_undead,
          serial_undead_a, serial_undead_b, serial_undead_f, serial_undead_a,
          serial_undead_e, serial_undead_d, serial_undead_b
Temple:   nicolae_temple_superstar
Lair:1:   layout_big_grid
Lair:2:   layout_misc_corridors, minmay_shoals_entry_beasts,
          hellmonk_spider_entry_not_the_bees, serial_bayou_shore_b,
          serial_bayou_shore_b, grunt_megastairs_4, serial_bayou_shore_b,
          uniq_harold

Skill      XL: |  1  2  3  4  5  6  7  8  9 10 11 12 |
---------------+-------------------------------------+-----
Stealth        | 2 |  2.9
Conjurations   | 5 6 7 8 9 |  9.9
Fighting       | 1 2 3 4 5 6 |  6.8
Armour         | 1 2 3 6 7 8 |  8.8
Long Blades    | 1 2 3 4 5 6 7 |  7.3
Dodging        | 3 4 5 6 |  6.4
Spellcasting   | 3 4 5 6 7 |  7.9
Short Blades   | 1 2 3 5 6 |  6.6
Evocations     | 1 2 3 4 5 |  5.9
Invocations    | 2 3 4 |  4.6
Translocations | 2 3 4 5 |  5.4
Summonings     | 2 3 4 |  4.5

Action                     |  1- 3 |  4- 6 |  7- 9 | 10-12 || total
---------------------------+-------+-------+-------+-------++-------
  Melee: Dagger            |     5 |    42 |    17 |       ||    64
         Punch             |       |     3 |       |     5 ||     8
         Scimitar          |       |     3 |    32 |    86 ||   121
         Rapier            |       |       |    19 |   214 ||   233
         Short sword       |       |       |    14 |       ||    14
   Cast: Magic Dart        |    45 |   112 |    89 |    46 ||   292
         Searing Ray       |     3 |     4 |    40 |    27 ||    74
         Iskenderun's Myst |       |       |     3 |    29 ||    32
         Call Canine Famil |       |       |       |    11 ||    11
 Invoke: Slouch            |       |       |       |     2 ||     2
Ability: Hop               |     1 |       |     1 |     2 ||     4
  Evoke: Wand              |       |       |       |     3 ||     3
    Use: Potion            |       |     1 |     9 |     2 ||    12
         Scroll            |       |       |       |    10 ||    10
   Stab: Distracted        |       |       |       |     1 ||     1
 Armour: Robe              |     8 |    10 |       |       ||    18
         Leather armour    |       |    31 |    30 |       ||    61
         Skin              |       |     2 |       |       ||     2
         Scale mail        |       |       |   140 |   388 ||   528
  Dodge: Dodged            |     7 |    33 |   108 |   305 ||   453

Table legend: (Time is in decaauts)
 A = Elapsed time spent in this place.
 B = Non-inter-level travel time spent in this place.
 C = Inter-level travel time spent in this place.
 D = Time resting spent in this place.
 E = Time spent auto-exploring this place.
 F = Levels seen in this place.
 G = Mean time per level.
                   A        B        C        D        E       F      G
               +--------+--------+--------+--------+--------+-----+--------+
         Total |  18639 |  17711 |    928 |   2770 |  12780 |  13 | 1433.8 |
       Dungeon |  16610 |  15813 |    797 |   2341 |  11634 |  10 | 1661.0 |
        Temple |     35 |     17 |     18 |      0 |      0 |   1 |   35.0 |
          Lair |   1994 |   1881 |    113 |    429 |   1146 |   2 |  997.0 |
               +--------+--------+--------+--------+--------+-----+--------+

Top non-repeatable levels by time:
     D:4: 2368 daAuts
     D:6: 2261 daAuts
    D:10: 1991 daAuts
     D:8: 1949 daAuts
  Lair:1: 1832 daAuts
     D:7: 1774 daAuts
     D:2: 1630 daAuts
     D:5: 1318 daAuts
     D:9: 1221 daAuts
     D:1: 1211 daAuts
     D:3: 883 daAuts
  Lair:2: 161 daAuts
  Temple: 35 daAuts
